 Dungeon Crawl Stone Soup version 0.26.1-2-gb8aa6d0 (webtiles) character file.

Game seed: 4277550949641669466

43650 Nithhogg the Cleaver (level 14, -10/115 HPs)
             Began as a Barachi Fighter on Apr 1, 2021.
             Was the Champion of the Shining One.
             Mangled by a goliath frog (30 damage)
             ... called by a spriggan druid
             ... on level 1 of the Swamp.
             The game lasted 00:37:06 (19164 turns).

Nithhogg the Cleaver (Barachi Fighter)             Turns: 19164, Time: 00:37:07

Health: -10/115    AC: 19    Str: 22    XL:     14   Next: 25%
Magic:  16/19      EV: 20    Int:  8    God:    the Shining One [******]
Gold:   1168       SH:  9    Dex: 15    Spells: 13/13 levels left

rFire    + . .     SeeInvis .   G - +9 hand axe of Nomint {freeze, +Fly rPois Dex+2}
rCold    + . .     Faith    +   (no shield)
rNeg     + + +     Spirit   .   k - +0 pearl dragon scales
rPois    +         Reflect  .   v - +1 hat
rElec    .         Harm     .   S - scarf {repulsion}
rCorr    .         Rampage  .   I - +2 pair of gloves
Will     +....                  X - +2 pair of boots
Stlth    +.........             g - amulet of faith
HPRegen  0.29/turn              M - ring of protection from cold
MPRegen  0.16/turn              T - ring "Urrifau Jurgh" {rF+ EV+4 Stlth+}

@: divine shield, corroded, glowing, repel missiles, slow
A: +LOS, swims, slowness 1, strong legs 2
a: Hop, Renounce Religion, Evoke Flight, Divine Shield, Cleansing Flame, Summon
Divine Warrior, Brand Weapon With Holy Wrath


You were on level 1 of the Swamp.
You worshipped the Shining One.
The Shining One was exalted by your worship.
You visited 4 branches of the dungeon, and saw 17 of its levels.
You also visited: Volcano.

You collected 1336 gold pieces.
You spent 168 gold pieces at shops.

Inventory:

Hand Weapons
 a - a +0 war axe
 n - a +5 dire flail
 o - a +1 scythe of flaming
 G - the +9 hand axe of Nomint (weapon) {freeze, +Fly rPois Dex+2}
   (You bought it in a shop on level 7 of the Dungeon)

   It has been specially enchanted to freeze those struck by it, causing extra
   injury to most foes and up to half again as much damage against particularly
   susceptible opponents.
   It can also slow down cold-blooded creatures.
   It affects your dexterity (+2).
   It protects you from poison.
   It lets you fly.
Armour
 b - a +0 scale mail
 k - +0 pearl dragon scales (worn)
 p - a +2 robe of resistance
 v - a +1 hat (worn)
 C - a +2 leather armour of fire resistance
 I - a +2 pair of gloves (worn)
 S - a scarf of repulsion (worn)
 X - a +2 pair of boots (worn)
 Y - a +0 pair of boots of flying
Jewellery
 g - an amulet of faith (around neck)
 j - an uncursed amulet of magic regeneration
 x - an uncursed amulet of the acrobat
 A - a cursed amulet of inaccuracy {unknown}
 L - an uncursed ring of protection from fire
 M - a ring of protection from cold (left hand)
 R - an uncursed ring of protection from cold
 T - the ring "Urrifau Jurgh" (right hand) {rF+ EV+4 Stlth+}
   (You found it on level 2 of the Lair of Beasts)

   [ring of evasion]

   It affects your evasion (+4).
   It protects you from fire.
   It makes you more stealthy.
 U - a cursed amulet of inaccuracy {unknown}
Wands
 c - a wand of digging (8)
 F - a wand of disintegration (21) (quivered)
 H - a wand of iceblast (28)
 O - a wand of enslavement (11)
Scrolls
 f - 7 scrolls of teleportation
 i - 3 scrolls of amnesia
 l - 11 scrolls of remove curse
 s - a scroll of fog
 u - a scroll of noise
 w - 3 scrolls of enchant weapon
 y - a scroll of enchant armour {unknown}
 z - 2 scrolls of immolation
 E - 4 scrolls of identify
 P - 3 scrolls of fear
 Q - 2 scrolls of random uselessness
Potions
 d - a potion of might
 e - 3 potions of mutation
 h - 5 potions of attraction
 m - a potion of ambrosia
 r - 2 potions of curing
 t - 2 potions of invisibility
 B - 2 potions of resistance {unknown}
 D - 4 potions of berserk rage
 J - 2 potions of lignification
 N - a potion of flight
 V - a potion of brilliance
 W - a potion of cancellation
Miscellaneous
 K - a tin of tremorstones (2/2)


   Skills:
 + Level 12.2 Fighting
 * Level 14.8 Axes
 + Level 12.2 Armour
 + Level 10.8 Dodging
 - Level 3.2 Shields
 + Level 6.9 Invocations
 + Level 8.3 Evocations


You had 13 spell levels left.
You didn't know any spells.
Your spell library contained the following spells:

 Spells                   Type           Power        Failure   Level
 Magic Dart               Conj           0%           71%         1
 Shock                    Conj/Air       0%           71%         1
 Blink                    Tloc           N/A          85%         2
 Call Imp                 Summ           0%           85%         2
 Poisonous Vapours        Pois/Air       0%           85%         2
 Slow                     Hex            0%           85%         2
 Swiftness                Air            0%           85%         2
 Conjure Flame            Conj/Fire      0%           97%         3
 Ignite Poison            Fire/Tmut/Pois 0%           97%         3
 Mephitic Cloud           Conj/Pois/Air  0%           97%         3
 Static Discharge         Conj/Air       0%           97%         3
 Summon Guardian Golem    Hex/Summ       0%           97%         3
 Airstrike                Air            0%           100%        4
 Animate Dead             Necr           0%           100%        4
 Borgnjor's Vile Clutch   Necr/Erth      0%           100%        5
 Fireball                 Conj/Fire      0%           100%        5
 Lightning Bolt           Conj/Air       0%           100%        5
 Death Channel            Necr           0%           100%        6
 Shadow Creatures         Summ           N/A          100%        6
 Simulacrum               Ice/Necr       0%           100%        6
 Starburst                Conj/Fire      0%           100%        6
 Malign Gateway           Summ/Tloc      0%           100%        7
 Ignition                 Fire           0%           100%        8


Dungeon Overview and Level Annotations

Branches:
Dungeon (11/15)            Temple (1/1) D:4            Lair (4/6) D:11
  Swamp (1/4) Lair:4        Snake (0/4) Lair:4      Volcano (visited)
    Orc: D:9-12

Altars:
Ashenzari
Cheibriados
Dithmenos
Elyvilon
Fedhas
Gozag
Hepliaklqana
Kikubaaqudgha
Makhleb
Nemelex Xobeh
Okawaru
Qazlal
Ru
Sif Muna
Trog
Uskayaw
Vehumet
Wu Jian
Xom
Yredelemnul
Zin
The Shining One

Shops:
D:7 [(*[?

Annotations:
D:4 exclusion: oklob plant
D:11 1 runed translucent door, exclusion: 4 orange crystal statues, Fannar


Innate Abilities, Weirdness & Mutations

You can be seen from farther away. (+LOS)
You can swim through water.
You cover ground slowly.
You can hop long distances.


Message History

Press: ? - help, Q - select action, (/) - cycle Shift-Dir - straight line, f/p - swamp worm
Aim: a swamp worm (heavily wounded, strong, haloed, chance to affect: 93%)
The tyrant leech is blasted!!
The goliath frog completely misses you. The tyrant leech misses you.
The goliath frog hits you from afar!!
* * * LOW HITPOINT WARNING * * *
You are splashed with acid!
* * * LOW HITPOINT WARNING * * *
The tyrant leech bites you!
* * * LOW HITPOINT WARNING * * *
You feel much better.
The goliath frog hits you but does no damage.
The tyrant leech closely misses you. The tyrant leech bites you.
* * * LOW HITPOINT WARNING * * *
The goliath frog completely misses you. A divine shield forms around you!
You feel yourself speed up. You block the goliath frog's attack.
You block the tyrant leech's attack. The tyrant leech closely misses you.
The goliath frog hits you from afar!!
You die...

♣≈≈≈≈≈≈≈≈.♣
♣..≈≈≈≈≈.♣ ♣.≈≈≈≈.♣
♣♣♣<≈≈...♣
♣♣≈≈.§....♣
♣>.≈.≈♣≈≈♣♣ ≈.
♣.≈...♣♣.≈♣ ..≈≈
♣.≈≈...†..♣♣♣♣§≈..≈≈
♣.≈≈...≈..@ww...≈≈≈.
♣..≈≈≈.>♣≈..w†..≈≈≈≈♣
♣♣≈≈≈.≈♣≈≈≈≈F...≈≈≈.♣
♣♣...♣♣≈.≈≈≈.≈≈.≈≈.≈
♣.≈♣♣♣♣♣.≈≈.$.≈≈≈..♣
♣.. ♣♣..≈≈≈≈≈≈..♣ ♣♣♣
≈≈.≈≈≈≈≈.≈.≈
≈≈≈≈≈≈≈≈≈..≈.
≈≈≈≈≈≈≈≈.....


You could see 2 tyrant leeches, a goliath frog (strong) and a swamp worm
(strong).

Vanquished Creatures
  A red draconian (Volcano)
  Josephine (D:10)
  A hydra (Lair:1)
  3 two-headed ogres
  A salamander mystic (Volcano)
  A skeletal warrior (D:11)
  An unseen horror (D:10)
  A spriggan druid (Swamp:1)
  A bog body (Swamp:1)
  4 salamanders (Volcano)
  15 elephants
  9 cane toads
  A torpor snail (Lair:3)
  The ghost of vykuza the Demolition Demonspawn, a novice DsFi of Makhleb (D:6)
  A centaur skeleton (D:10)
  A rime drake (Lair:3)
  4 komodo dragons
  A hornet (D:9)
  A polar bear (Lair:2)
  21 blink frogs
  7 tyrant leeches
  Sigmund (D:3)
  8 wyverns
  A vampire (D:6)
  36 yaks
  2 basilisks
  6 wraiths
  A spriggan (Lair:2)
  Eustachio (D:6)
  3 fire bats (Lair:4)
  20 water moccasins
  A swamp drake (Swamp:1)
  3 sky beasts
  An ice beast (D:7)
  2 black bears
  2 phantoms
  3 orc warriors
  3 necrophages
  4 ogres
  4 centaurs
  An eye of draining (D:10)
  29 wolves
  17 bullfrogs
  2 gnoll sergeants
  A wyvern zombie (D:9)
  A water moccasin zombie (D:9)
  3 killer bees (D:11)
  3 scorpions
  3 howler monkeys
  21 wights
  An electric eel (Lair:1)
  A jelly (D:6)
  4 hounds
  6 orc priests
  4 centaur zombies
  A quasit (D:11)
  17 orc wizards
  3 bullfrog skeletons (D:10)
  6 hell rats (Lair:1)
  3 iguanas
  9 worker ants
  A spectral hound (D:6)
  A hound zombie (D:6)
  A hound skeleton (D:11)
  A mummy (D:6)
  Robin (D:2)
  10 gnolls
  A howler monkey zombie (D:6)
  12 adders
  3 shadow imps
  4 white imps
  3 ufetubi
  4 oozes (D:2)
  2 dart slugs
  7 leopard geckos
  26 orcs
  A ball python (D:7)
  5 bats
  2 giant cockroaches
  14 goblins
  8 hobgoblins
  20 jackals
  5 quokkas
  5 frilled lizards
  4 kobolds
  3 leopard gecko zombies
  4 rats
  A butterfly (Lair:1)
464 creatures vanquished.

Vanquished Creatures (others)
  A bush (D:11)
  25 fungi
  34 plants
60 creatures vanquished.

Grand Total: 524 creatures vanquished

Notes
Turn   | Place    | Note
-------+----------+-------------------------------------------
     0 | D:1      | Nithhogg the Barachi Fighter began the quest for the Orb.
     0 | D:1      | Reached XP level 1. HP: 18/18 MP: 1/1
   357 | D:1      | Reached XP level 2. HP: 25/25 MP: 2/2
   994 | D:2      | Reached skill level 3 in Axes
   994 | D:2      | Reached skill level 1 in Dodging
   994 | D:2      | Reached XP level 3. HP: 26/30 MP: 3/3
  1329 | D:2      | Noticed Robin
  1334 | D:2      | Killed Robin
  1335 | D:2      | Reached XP level 4. HP: 24/37 MP: 4/4
  1768 | D:2      | Found a sacrificial altar of Ru.
  2074 | D:3      | Reached XP level 5. HP: 43/43 MP: 5/5
  2314 | D:3      | Reached skill level 4 in Axes
  2422 | D:3      | Found an opulent altar of Gozag.
  2426 | D:3      | Noticed Sigmund
  2442 | D:3      | Killed Sigmund
  2443 | D:3      | Reached XP level 6. HP: 33/50 MP: 6/6
  2570 | D:3      | Reached skill level 5 in Armour
  2748 | D:3      | Reached skill level 5 in Fighting
  2756 | D:3      | Reached skill level 5 in Axes
  3012 | D:3      | Reached XP level 7. HP: 50/56 MP: 7/7
  3378 | D:4      | Found a staircase to the Ecumenical Temple.
  3397 | Temple   | Entered the Ecumenical Temple
  3596 | Temple   | Became a worshipper of the Shining One
  3690 | D:4      | Found a blossoming altar of Fedhas.
  3785 | D:4      | Noticed an oklob plant
  4497 | D:5      | Entered Level 5 of the Dungeon
  4792 | D:5      | Reached skill level 6 in Axes
  4850 | D:5      | Found a glowing golden altar of the Shining One.
  4951 | D:5      | Reached XP level 8. HP: 63/64 MP: 8/8
  5228 | D:6      | Noticed a wraith
  5239 | D:6      | Found a transporter.
  5351 | D:6      | Found a broken altar of Ashenzari.
  5468 | D:6      | Reached * piety under the Shining One
  5471 | D:6      | Found a transporter.
  5471 | D:6      | Noticed a vampire
  5471 | D:6      | Noticed vykuza's ghost (novice DsFi)
  5492 | D:6      | Noticed Eustachio
  5508 | D:6      | Killed Eustachio
  5509 | D:6      | Reached skill level 7 in Axes
  6514 | D:7      | Reached skill level 5 in Dodging
  6588 | D:7      | Found Seerelos's Armour Boutique.
  7004 | D:7      | Found Sejeok's Assorted Antiques.
  7008 | D:7      | Bought a bloodstained hand axe for 168 gold pieces
  7008 | D:7      | Identified the +9 hand axe of Nomint {freeze, +Fly rPois
                  | Dex+2} (You bought it in a shop on level 7 of the Dungeon)
  7012 | D:7      | Found Xykuq's Armour Shop.
  7018 | D:7      | Found Fiolamui's Antique Weapon Shop.
  7108 | D:7      | Found Egesidaj's Magic Scroll Boutique.
  7152 | D:7      | Reached skill level 8 in Axes
  7152 | D:7      | Reached XP level 9. HP: 70/71 MP: 9/9
  7397 | D:7      | Reached ** piety under the Shining One
  8064 | D:8      | Reached skill level 9 in Axes
  8305 | D:8      | Noticed a two-headed ogre
  8316 | D:8      | Killed a two-headed ogre
  8324 | D:8      | Found a flagged portal.
  8337 | D:8      | Reached XP level 10. HP: 41/80 MP: 10/10
  8660 | D:8      | Reached *** piety under the Shining One
  8671 | D:8      | Reached skill level 10 in Axes
  9206 | D:9      | Paralysed by a hornet for 2 turns
  9323 | D:9      | Reached skill level 1 in Evocations
  9385 | D:9      | Reached **** piety under the Shining One
  9398 | D:9      | Reached skill level 1 in Invocations
  9850 | D:10     | Entered Level 10 of the Dungeon
 10087 | D:6      | Killed vykuza's ghost
 10570 | D:10     | Reached skill level 11 in Axes
 10579 | D:10     | Reached XP level 11. HP: 49/89 MP: 12/12
 10792 | D:10     | Noticed a two-headed ogre
 10804 | D:10     | Killed a two-headed ogre
 11031 | D:10     | Noticed a two-headed ogre
 11045 | D:10     | Killed a two-headed ogre
 11047 | D:10     | Reached ***** piety under the Shining One
 11679 | D:10     | Noticed an unseen horror
 11691 | D:10     | Killed an unseen horror
 12027 | D:11     | Noticed a skeletal warrior
 12029 | D:11     | Noticed a skeletal warrior
 12046 | D:11     | Noticed a skeletal warrior
 12048 | D:11     | Killed a skeletal warrior
 12049 | D:11     | Reached skill level 10 in Fighting
 12049 | D:11     | Reached skill level 10 in Armour
 12052 | D:11     | Noticed a skeletal warrior
 12057 | D:11     | Noticed a skeletal warrior
 12444 | D:11     | Reached skill level 12 in Axes
 12535 | D:11     | Noticed Fannar
 12541 | D:11     | Found the +10 tower shield of Ignorance {rN+ Int-4}
 12541 | D:11     | Noticed an orange crystal statue
 12545 | D:11     | Found a runed translucent door.
 12546 | D:11     | Noticed an orange crystal statue
 12546 | D:11     | Noticed an orange crystal statue
 12564 | D:11     | Found a runed translucent door.
 12568 | D:11     | Noticed an orange crystal statue
 12570 | D:11     | Noticed a white ugly thing
 12740 | D:11     | Reached ****** piety under the Shining One
 12766 | D:11     | Noticed Josephine
 12778 | D:10     | Reached XP level 12. HP: 56/97 MP: 15/15
 12799 | D:10     | Killed Josephine
 12800 | D:10     | Reached skill level 5 in Evocations
 12943 | D:11     | Found a staircase to the Lair.
 13269 | Lair:1   | Entered Level 1 of the Lair of Beasts
 13904 | Lair:1   | Noticed a six-headed hydra
 13944 | Lair:1   | Killed a seven-headed hydra
 14424 | Lair:2   | Reached skill level 13 in Axes
 14561 | Lair:2   | Reached skill level 5 in Invocations
 14901 | Lair:2   | Gained mutation: You can hop long distances. [Barachi
                  | growth]
 14901 | Lair:2   | Reached XP level 13. HP: 102/106 MP: 17/17
 16041 | Lair:2   | Got a fine pewter ring
 16047 | Lair:2   | Identified the ring "Urrifau Jurgh" {rF+ EV+4 Stlth+} (You
                  | found it on level 2 of the Lair of Beasts)
 16078 | Lair:3   | Reached skill level 10 in Dodging
 16311 | Lair:3   | Reached skill level 14 in Axes
 17681 | Lair:4   | Found a staircase to the Swamp.
 17729 | Lair:4   | Found a dark tunnel.
 17749 | Volcano  | Entered a volcano
 17772 | Volcano  | Noticed a red draconian
 17791 | Volcano  | Killed a red draconian
 17792 | Volcano  | Reached XP level 14. HP: 49/114 MP: 18/18
 18652 | Lair:4   | Found a staircase to the Snake Pit.
 18885 | Lair:4   | Identified the Handbook of the Aerial Escort
 19130 | Swamp:1  | Entered Level 1 of the Swamp
 19162 | Swamp:1  | HP: 5/115 [tyrant leech (10)]
 19164 | Swamp:1  | Mangled by a goliath frog

Illustrated notes

Levels and vault maps discovered:
D:1:      dpeg_arrival_short_road, layout_basic
D:2:      layout_basic, nicolae_ru_great_annihilating_truth, uniq_robin
D:3:      layout_basic, lemuel_round_altar, grunt_decor_clamped, uniq_sigmund
D:4:      layout_basic, temple_hall, tgw_fedhas
D:5:      layout_basic, serial_glass, glass_columns_b, glass_columns_b,
          basic_altar
D:6:      layout_gridville, gammafunk_ghost_mausoleum,
          nicolae_ashenzari_panopticon, uniq_eustachio
D:7:      layout_loops_corners, serial_shops, nicolae_shop_behind_doors, shop,
          shop, nicolae_shop_crystal, shop, nzn_random_ring
D:8:      layout_basic, enter_bailey_5
D:9:      layout_grid_maze
D:10:     layout_roguey
D:11:     layout_long_grid, minmay_lair_entry_grove,
          chequers_guarded_unrand_ignorance, uniq_fannar, uniq_josephine
Temple:   minmay_crystal_snake_temple
Lair:1:   layout_gridlike, chequers_serial_rivers_room_a, st_stairs_11,
          serial_bayou_shore_b, lemuel_fruit_tree, lemuel_fruit_fields
Lair:2:   layout_layer_cave, grunt_forest_large_clearing_hut
Lair:3:   nzn_winding_woodlands_three_and_one
          [nzn_winding_woodlands_5x15_sawtooth,
          nzn_winding_woodlands_5x15_longhouse,
          nzn_winding_woodlands_5x15_garden,
          nzn_winding_woodlands_center_pierced_h], layout_cave_pods
Lair:4:   layout_regular_city, minmay_swamp_entry_worms, dummy_snake_entry,
          nicolae_volcano_entry_batcave, serial_bayou_shore_b
Swamp:1:  layout_basic_swamp, evilmike_swamp_ruin_rubble_2

Skill      XL: |  1  2  3  4  5  6  7  8  9 10 11 12 13 14 |
---------------+-------------------------------------------+-----
Axes           | 3 4 5 6 8 9 11 12 13 14 | 14.8
Dodging        | 1 2 3 4 5 6 7 8 9 10 | 10.8
Fighting       | 4 5 6 8 9 10 11 12 | 12.2
Armour         | 4 5 6 7 8 9 10 11 12 | 12.2
Evocations     | 2 4 6 7 8 |  8.3
Invocations    | 2 4 5 6 |  6.9
Shields        | |  3.2

Action                   |  1- 3 |  4- 6 |  7- 9 | 10-12 | 13-15 || total
-------------------------+-------+-------+-------+-------+-------++-------
Melee: Mace              |    84 |   106 |     3 |       |       ||   193
       War axe           |     4 |       |       |       |       ||     4
       Scythe            |       |       |   161 |       |       ||   161
       Hand axe          |       |       |    85 |   582 |   424 ||  1091
       Dire flail        |       |       |       |     6 |       ||     6
Invok: Divine Shield     |       |       |       |     3 |     2 ||     5
       Cleansing Flame   |       |       |       |     3 |       ||     3
 Abil: Hop               |       |       |     1 |     2 |       ||     3
Evoke: Wand              |       |       |    14 |    10 |     6 ||    30
  Use: Scroll            |       |     9 |     2 |       |     7 ||    18
       Potion            |       |     3 |     5 |     7 |     1 ||    16
 Stab: Paralysed         |       |     1 |       |       |       ||     1
Armor: Scale mail        |    68 |    26 |       |       |       ||    94
       Pearl dragon scal |       |    31 |   189 |   290 |   129 ||   639
Dodge: Dodged            |    73 |    52 |   215 |   385 |   285 ||  1010
       Repelled          |       |       |       |       |     1 ||     1
Block: Other             |       |       |       |    27 |     6 ||    33
